 Dungeon Crawl Stone Soup version 0.26-a0-1013-gf6ffb0d (webtiles) character file.

Game seed: 17665604316219264353

15191 IceLeopardTea the Destroyer (level 12, -4/87 HPs)
             Began as a Human Conjurer on Dec 7, 2020.
             Was an Elder of Sif Muna.
             Slain by a troll (8 damage)
             ... on level 12 of the Dungeon.
             The game lasted 01:00:45 (12514 turns).

IceLeopardTea the Destroyer (Human Conjurer)       Turns: 12514, Time: 01:00:45

Health: -4/87      AC:  8    Str:  7    XL:     12   Next: 54%
Magic:  26/32      EV: 13    Int: 24    God:    Sif Muna [****..]
Gold:   831        SH:  5    Dex: 12    Spells: 9/25 levels left

rFire    + + .     SeeInvis .   a - +3 flail (venom)
rCold    + . .     Faith    .   A - +0 buckler
rNeg     . . .     Spirit   .   B - +0 robe
rPois    .         Reflect  .   C - +2 helmet
rElec    .         Harm     .   W - scarf {rC+ rF+}
rCorr    .         Rampage  .   E - +0 pair of gloves
Will     .....                  F - +0 pair of boots
Stlth    ++........             (no amulet)
HPRegen  0.24/turn              q - ring of magical power
MPRegen  0.23/turn              J - ring of protection from fire

@: lethally poisoned (-4 -> -6)
A: no striking features
a: Channel Magic, Forget Spell, Divine Exegesis, Renounce Religion


You were on level 12 of the Dungeon.
You worshipped Sif Muna.
Sif Muna was greatly pleased with you.
You visited 2 branches of the dungeon, and saw 13 of its levels.

You collected 831 gold pieces.

Inventory:

Hand Weapons
 a - a +3 flail of venom (weapon)
Missiles
 i - 404 stones
Armour
 A - a +0 buckler (worn)
 B - a +0 robe (worn)
 C - a +2 helmet (worn)
 D - a +2 cloak
 E - a +0 pair of gloves (worn)
 F - a +0 pair of boots (worn)
 U - a +0 troll leather armour
 W - a scarf of resistance (worn)
Jewellery
 q - a ring of magical power (left hand)
 J - a ring of protection from fire (right hand)
 N - an uncursed amulet of faith
Wands
 P - a wand of iceblast (17)
 Y - a wand of digging (7)
Scrolls
 g - 8 scrolls of remove curse
 n - 6 scrolls of teleportation
 p - 3 scrolls of fear
 r - 3 scrolls of blinking
 M - a scroll of magic mapping
Potions
 b - 5 potions of heal wounds
 c - 3 potions of flight
 f - 4 potions of magic
 j - 7 potions of curing
 I - a potion of invisibility
Miscellaneous
 V - a phial of floods


   Skills:
 + Level 5.7 Fighting
 - Level 5.0 Armour
 - Level 3.0 Dodging
 - Level 2.0 Stealth
 - Level 4.0 Shields
 + Level 7.4 Spellcasting
 + Level 11.3 Conjurations
 - Level 8.0 Translocations
 * Level 4.9 Fire Magic
 + Level 6.4 Invocations


You had 9 spell levels left.
You knew the following spells:

 Your Spells              Type           Power        Failure   Level
a - Magic Dart            Conj           ####         1%          1
b - Searing Ray           Conj           ######       1%          2
c - Iskenderun's Mystic   Conj/Tloc      ######..     1%          4
d - Gell's Gravitas       Tloc           #####.....   1%          3
e - Starburst             Conj/Fire      #####.....   36%         6

Your spell library contained the following spells:

 Spells                   Type           Power        Failure   Level
 Shock                    Conj/Air       ####         1%          1
 Conjure Flame            Conj/Fire      #####...     1%          3
 Dazzling Flash           Conj/Hex       #####.       1%          3
 Static Discharge         Conj/Air       #####...     1%          3
 Fulminant Prism          Conj/Hex       #####.....   7%          4
 Inner Flame              Hex/Fire       ###.....     8%          3
 Swiftness                Air            #.......     11%         2
 Lightning Bolt           Conj/Air       #####.....   19%         5
 Confusing Touch          Hex            #.......     21%         3
 Airstrike                Air            #.........   56%         4
 Petrify                  Tmut/Erth      #.......     56%         4
 Metabolic Englaciation   Hex/Ice        #.........   88%         5
 Yara's Violent Unravell  Hex/Tmut       #.........   88%         5
 Ignition                 Fire           ####......   100%        8


Dungeon Overview and Level Annotations

Branches:
Dungeon (12/15)            Temple (1/1) D:5            Lair (0/6) D:8
    Orc (0/2) D:9

Altars:
Ashenzari
Cheibriados
Dithmenos
Elyvilon
Fedhas
Gozag
Hepliaklqana
Kikubaaqudgha
Makhleb
Nemelex Xobeh
Okawaru
Qazlal
Ru
Sif Muna
Trog
Uskayaw
Vehumet
Wu Jian
Xom
Yredelemnul
Zin
The Shining One

Shops:
D:4 [   D:6 :

Annotations:
D:8 2 transporters, Mopster's ghost, novice MiBe
D:12 Fannar


Message History

The searing ray hits the centaur warrior.
The centaur warrior is moderately wounded.
You feel sick. The troll barely misses you. You block the troll's attack. x2
The searing ray hits the troll!
The troll is severely wounded.
The searing ray hits the centaur warrior!
The centaur warrior is heavily wounded.
You feel sick. You block the troll's attack. The troll claws you!
* * * LOW HITPOINT WARNING * * *
The troll misses you.
The searing ray hits the troll.
The troll is severely wounded.
The searing ray hits the centaur warrior!
The centaur warrior is severely wounded.
You finish channeling your searing ray.
You feel yourself speed up.
You feel sick. The troll bites you!
* * * LOW HITPOINT WARNING * * *
The troll claws you!
You die...

........###.##. .##.## #)#
...........##..#.# #..####.###
..........##.##. ##.........
..........†.# #......... ..
..........## ##.)...... ..
#.#####...# #..##.... ..
#.####...## ####.##....###
..###..##..#########...#####...##
....##...###..#.@Tc.....# ###...
..#....###......#######.# ###.
.....###..###...# .# ##
...###....#.#...# #
.##.......#.#[#.# ..
...###....#...#.# ##
.....###..#####.# .......###.
#.#######. ..####...###
#.........


You could see a centaur warrior and a troll.

Vanquished Creatures
  2 two-headed ogres
  Sonja (D:11)
  Nergalle (D:11)
  2 ugly things
  A deep elf mage (D:12)
  Joseph (D:8)
  Psyche (D:9)
  A centaur skeleton (D:11)
  A tengu conjurer (D:12)
  A troll (D:9)
  Prince Ribbit (D:5)
  A hornet (D:12)
  A shadow (D:11)
  2 wraiths
  17 yaks
  A human (D:9)
  Grum (D:5)
  Edmund (D:4)
  2 wargs (D:9)
  A water moccasin (D:10)
  4 orc warriors
  2 sky beasts
  4 black bears
  3 necrophages
  4 ice beasts
  5 ogres
  3 phantoms
  2 wolves (D:5)
  5 centaurs
  9 bullfrogs
  A wyvern zombie (D:6)
  4 scorpions
  4 killer bees (D:9)
  3 wights (D:9)
  6 howler monkeys
  A centaur zombie (D:9)
  Crazy Yiuf (D:3)
  7 orc priests
  19 hounds
  A bullfrog zombie (D:9)
  4 bullfrog skeletons
  2 gnoll shamans (D:5)
  3 jellies
  11 orc wizards
  3 iguanas
  8 worker ants
  A howler monkey zombie (D:5)
  Robin (D:4)
  10 gnolls
  A howler monkey skeleton (D:7)
  16 adders
  A white imp (D:8)
  3 ufetubi
  2 oozes
  2 adder skeletons
  2 worms
  A dart slug (D:1)
  5 leopard geckos
  41 orcs
  9 bats
  5 giant cockroaches
  13 goblins
  10 hobgoblins
  4 jackals (D:5)
  7 quokkas
  5 frilled lizards
  2 giant cockroach zombies (D:6)
  A jackal skeleton (D:8)
  5 kobolds
  A leopard gecko skeleton (D:7)
  A quokka skeleton (D:5)
  10 rats
318 creatures vanquished.

Vanquished Creatures (others)
  A sky beast (D:9)
  4 plants (D:5)
5 creatures vanquished.

Grand Total: 323 creatures vanquished

Notes
Turn   | Place    | Note
-------+----------+-------------------------------------------
     0 | D:1      | IceLeopardTea the Human Conjurer began the quest for the
                  | Orb.
     0 | D:1      | Reached XP level 1. HP: 13/13 MP: 3/3
   129 | D:1      | Reached XP level 2. HP: 19/19 MP: 0/5
   149 | D:1      | Learned a level 2 spell: Searing Ray
   452 | D:1      | Reached XP level 3. HP: 20/24 MP: 0/6
  1534 | D:2      | Reached XP level 4. HP: 30/30 MP: 5/7
  1539 | D:2      | Learned a level 4 spell: Iskenderun's Mystic Blast
  1639 | D:2      | Found a shimmering blue altar of Sif Muna.
  1645 | D:2      | Became a worshipper of Sif Muna the Loreminder
  2356 | D:3      | Reached skill level 5 in Conjurations
  2356 | D:3      | Reached skill level 1 in Translocations
  2356 | D:3      | Reached XP level 5. HP: 35/35 MP: 9/9
  2955 | D:3      | Found a runed translucent door.
  2956 | D:3      | Noticed Crazy Yiuf
  2964 | D:3      | Killed Crazy Yiuf
  3215 | D:4      | Reached XP level 6. HP: 41/41 MP: 10/10
  3350 | D:4      | Noticed Robin
  3351 | D:4      | Noticed Edmund
  3352 | D:4      | Reached * piety under Sif Muna
  3365 | D:4      | Killed Robin
  3620 | D:4      | Killed Edmund
  3621 | D:4      | Reached XP level 7. HP: 38/46 MP: 8/11
  3824 | D:4      | Reached skill level 6 in Conjurations
  3925 | D:4      | Found Farghieck's Armour Boutique.
  3932 | D:4      | Found a broken altar of Ashenzari.
  4336 | D:4      | Found a sacrificial altar of Ru.
  4407 | D:5      | Entered Level 5 of the Dungeon
  4407 | D:5      | Found a staircase to the Ecumenical Temple.
  4411 | D:5      | Noticed Prince Ribbit
  4683 | D:5      | Found a hazy altar of Hepliaklqana.
  4702 | D:5      | Found an opulent altar of Gozag.
  4735 | D:5      | Reached XP level 8. HP: 52/52 MP: 13/13
  4871 | D:5      | Reached ** piety under Sif Muna
  4872 | D:5      | Reached skill level 7 in Conjurations
  4878 | D:5      | Reached skill level 5 in Translocations
  5348 | D:5      | Reached XP level 9. HP: 57/57 MP: 15/15
  5500 | D:5      | Reached skill level 8 in Conjurations
  5553 | D:5      | Noticed Grum
  5563 | D:5      | Killed Grum
  5814 | D:5      | Reached skill level 5 in Spellcasting
  5911 | Temple   | Entered the Ecumenical Temple
  6156 | D:5      | Killed Prince Ribbit
  6227 | D:5      | Reached skill level 1 in Fighting
  6283 | D:6      | Learned a level 3 spell: Gell's Gravitas
  6310 | D:6      | Found Syshippa's Book Shop.
  6320 | D:6      | Reached skill level 1 in Invocations
  6379 | D:6      | Reached *** piety under Sif Muna
  6380 | D:6      | Reached skill level 1 in Armour
  6505 | D:5      | Reached skill level 9 in Conjurations
  6643 | D:6      | Reached XP level 10. HP: 67/67 MP: 18/18
  7113 | D:7      | Found a blossoming altar of Fedhas.
  7547 | D:8      | Noticed Joseph
  7741 | D:8      | Found a transporter.
  7745 | D:8      | Found a transporter.
  7746 | D:8      | Noticed Mopster's ghost (novice MiBe)
  7927 | D:8      | Killed Joseph
  8348 | D:8      | Found a staircase to the Lair.
  8562 | D:9      | Reached skill level 10 in Conjurations
  8596 | D:9      | Noticed Psyche
  8887 | D:9      | Reached XP level 11. HP: 65/75 MP: 20/20
  8947 | D:9      | Killed Psyche
  9059 | D:9      | Found a staircase to the Orcish Mines.
  9156 | D:9      | Found a glowing golden altar of the Shining One.
  9283 | D:9      | Found a bloodstained altar of Trog.
  9319 | D:9      | Reached **** piety under Sif Muna
  9426 | D:9      | Found a hide-covered altar of Uskayaw.
  9445 | D:9      | Found a glowing silver altar of Zin.
  9445 | D:9      | Found a shimmering altar of Xom.
  9445 | D:9      | Noticed an angel
  9566 | D:10     | Entered Level 10 of the Dungeon
  9570 | D:10     | Reached skill level 5 in Invocations
  9716 | D:10     | Identified Sif Muna's Volume of Fire
  9725 | D:10     | Learned a level 6 spell: Starburst
  9764 | D:10     | Reached skill level 1 in Fire Magic
 10356 | D:10     | Noticed a two-headed ogre
 10411 | D:10     | Killed a two-headed ogre
 10412 | D:10     | Reached skill level 1 in Shields
 10782 | D:11     | Reached skill level 11 in Conjurations
 10832 | D:11     | Noticed Sonja
 10968 | D:11     | Killed Sonja
 10969 | D:11     | Reached skill level 5 in Fighting
 11154 | D:11     | Noticed a brown ugly thing
 11166 | D:11     | Killed a brown ugly thing
 11167 | D:11     | Reached skill level 5 in Armour
 11357 | D:11     | Reached XP level 12. HP: 86/86 MP: 22/22
 11383 | D:11     | Found a white marble altar of Elyvilon.
 11478 | D:11     | Noticed Nergalle
 11627 | D:11     | Killed Nergalle
 11702 | D:12     | Noticed a two-headed ogre
 11709 | D:12     | Killed a two-headed ogre
 11788 | D:12     | Noticed Fannar
 12507 | D:12     | Noticed a centaur warrior
 12509 | D:12     | Paralysed by a hornet for 1 turns
 12514 | D:12     | HP: 4/87 [troll (17)]
 12514 | D:12     | Slain by a troll

Illustrated notes

Levels and vault maps discovered:
D:1:      heliophobic_arrival_henge, layout_basic
D:2:      layout_basic, led_sif_pool
D:3:      layout_basic, uniq_crazy_yiuf_cottage
D:4:      layout_loops_ring, nicolae_ru_the_path_less_chosen, serial_shops,
          kennysheep_mini_moat, cheibrodos_ashenzari_chains, uniq_edmund,
          uniq_robin
D:5:      layout_cave_pools, grunt_gozag_breadcrumbs, old_standard_altar,
          minmay_temple_entry_gardened_gates, serial_gnoll_camp, grums_kennel,
          gnoll_camp_mini_doghouse, gnoll_camp_mini_doghouse,
          gnoll_camp_mini_basic, gnoll_camp_mini_basic, minmay_divided_ellipse,
          uniq_prince_ribbit1
D:6:      layout_cave_pools, serial_shops, nicolae_shop_statue_plus, kb_rosetta
D:7:      layout_rooms, nrook_campfire, fedhas_ov_isle_minmay
D:8:      layout_basic, lair_entry_dummy, gammafunk_ghost_hive, uniq_joseph
D:9:      layout_basic, grunt_temple_overflow_order_and_chaos_1, tso_altar,
          grunt_temple_overflow_open, erik_orc_4, serial_bayou_pond_d,
          uniq_psyche
D:10:     layout_roguey, chequers_serial_rivers_micro_a, kennysheep_small_circle
D:11:     layout_rooms, elyvilon_altar_3, uniq_nergalle, uniq_sonja
D:12:     minmay_the_grid_four_pointed_star
          [minmay_the_grid_triangle_9x9_minimal,
          minmay_the_grid_triangle_9x9_swiss_cheese,
          minmay_the_grid_triangle_9x9_intruding_spiral,
          minmay_the_grid_triangle_9x9_thin_v,
          minmay_the_grid_prize_shrinking_boxes], layout_small_grid,
          lightli_airlock, uniq_fannar
Temple:   oiseaux_autumnal_temple

Skill      XL: |  1  2  3  4  5  6  7  8  9 10 11 12 |
---------------+-------------------------------------+-----
Conjurations   | 5 6 7 9 10 11 | 11.3
Translocations | 1 2 3 4 5 7 8 |  8.0
Dodging        | 3 |  3.0
Spellcasting   | 3 4 5 6 7 |  7.4
Fighting       | 1 3 5 |  5.7
Invocations    | 2 4 5 6 |  6.4
Armour         | 1 3 5 |  5.0
Fire Magic     | 3 4 |  4.9
Shields        | 2 4 |  4.0
Stealth        | |  2.0

Action                   |  1- 3 |  4- 6 |  7- 9 | 10-12 || total
-------------------------+-------+-------+-------+-------++-------
Melee: Dagger            |    21 |       |       |       ||    21
       Quarterstaff      |       |     5 |    19 |    14 ||    38
 Cast: Magic Dart        |    57 |    59 |    85 |    85 ||   286
       Searing Ray       |     1 |    16 |    49 |   124 ||   190
       Iskenderun's Myst |       |       |     3 |       ||     3
       Gell's Gravitas   |       |       |       |     2 ||     2
  Use: Potion            |       |       |     1 |       ||     1
       Scroll            |       |       |       |    17 ||    17
 Stab: Sleeping          |       |       |       |     1 ||     1
Armor: Robe              |    11 |     4 |    23 |    43 ||    81
Dodge: Dodged            |    26 |     8 |    65 |    79 ||   178
Block: Buckler           |       |       |       |     5 ||     5

Table legend: (Time is in decaauts)
 A = Elapsed time spent in this place.
 B = Non-inter-level travel time spent in this place.
 C = Inter-level travel time spent in this place.
 D = Time resting spent in this place.
 E = Time spent auto-exploring this place.
 F = Levels seen in this place.
 G = Mean time per level.
                   A        B        C        D        E       F      G
               +--------+--------+--------+--------+--------+-----+--------+
         Total |  12561 |  12078 |    483 |   4418 |   5240 |  13 |  966.2 |
       Dungeon |  12315 |  11859 |    456 |   4418 |   5022 |  12 | 1026.2 |
        Temple |    246 |    219 |     27 |      0 |    217 |   1 |  246.0 |
               +--------+--------+--------+--------+--------+-----+--------+

Top non-repeatable levels by time:
     D:5: 1612 daAuts
    D:10: 1369 daAuts
     D:3: 1227 daAuts
     D:4: 1225 daAuts
     D:1: 1136 daAuts
     D:8: 999 daAuts
     D:9: 975 daAuts
     D:2: 931 daAuts
    D:11: 841 daAuts
    D:12: 754 daAuts
     D:6: 652 daAuts
     D:7: 589 daAuts
  Temple: 246 daAuts
